 Dungeon Crawl Stone Soup version 0.26-a0-613-g4f23886233 (webtiles) character file.

Game seed: 12452964310828767665

44450 Gargoyl the Fighter (level 14, -2/113 HPs)
             Began as a Gnoll Abyssal Knight on Sept 11, 2020.
             Was the Champion of Lugonu.
             Slain by an ice devil (17 damage)
             ... on level 12 of the Dungeon.
             The game lasted 00:31:59 (18975 turns).

Gargoyl the Fighter (Gnoll Abyssal Knight)         Turns: 18975, Time: 00:32:00

Health: -2/113     AC: 21    Str: 18    XL:     14   Next: 28%
Magic:  29/29      EV: 21    Int: 19    God:    Lugonu [******]
Gold:   1165       SH:  0    Dex: 24    Spells: 31/31 levels left

rFire    + + .     SeeInvis .   L - +7 trident "Rodducze" {drain, Int+2 Dex+10}
rCold    . . .     Faith    .   (no shield)
rNeg     . . .     Spirit   .   F - +2 leather armour of Good Intentions {Stlth+}
rPois    +         Reflect  .   m - +2 helmet
rElec    .         Harm     .   d - +2 cloak
rCorr    .                      x - +2 pair of gloves
MR       +....                  l - +2 pair of boots
Stlth    +++++.....             k - amulet of regeneration
HPRegen  0.68/turn              E - ring of poison resistance
MPRegen  0.21/turn              n - ring of protection from fire

@: no status effects
A: distributed training, fangs 1, fire resistance 1, high mp 1, shaggy fur 1,
strong nose
a: Depart the Abyss, Bend Space, Banish, Corrupt, Enter the Abyss, Brand Weapon
With Distortion, Renounce Religion


You were on level 12 of the Dungeon.
You worshipped Lugonu.
Lugonu was exalted by your worship.
You visited 2 branches of the dungeon, and saw 18 of its levels.
You visited the Abyss 1 time.
You also visited: Ossuary.

You collected 1585 gold pieces.
You spent 420 gold pieces at shops.

Inventory:

Hand Weapons
 a - a +1 hand axe
 c - a +2 broad axe of holy wrath
 L - the +7 trident "Rodducze" (weapon) {drain, Int+2 Dex+10}
   (You found it on level 2 of the Lair of Beasts)

   A truly terrible weapon, it drains the life of those it strikes.
   It affects your intelligence (+2).
   It affects your dexterity (+10).
Missiles
 h - 35 boomerangs (quivered)
Armour
 d - a +2 cloak (worn)
 l - a +2 pair of boots (worn)
 m - a +2 helmet (worn)
 x - a +2 pair of gloves (worn)
 F - the +2 leather armour of Good Intentions (worn) {Stlth+}
   (You found it on level 9 of the Dungeon)

   It makes you more stealthy.
Jewellery
 k - an amulet of regeneration (around neck)
 n - a ring of protection from fire (right hand)
 t - a +4 ring of protection
 E - a ring of poison resistance (left hand)
 K - an uncursed ring of positive energy
 T - an uncursed ring of flight
Wands
 f - a wand of polymorph (29)
 o - a wand of enslavement (11)
 v - a wand of disintegration (14)
 B - a wand of flame (29)
 H - a wand of paralysis (24)
 I - a wand of acid (13)
 J - a wand of iceblast (11)
Scrolls
 b - 5 scrolls of remove curse
 j - 8 scrolls of magic mapping
 u - 3 scrolls of fog
 y - a scroll of fear
 z - 8 scrolls of teleportation
 C - 5 scrolls of identify
 G - 3 scrolls of blinking
 N - 2 scrolls of enchant armour
 P - a scroll of silence
Potions
 e - 7 potions of curing
 g - 7 potions of might
 i - 2 potions of stabbing
 p - 3 potions of invisibility
 q - a potion of ambrosia
 r - a potion of resistance
 s - a potion of haste
 w - 4 potions of brilliance
 A - 7 potions of heal wounds
 D - 2 potions of mutation
 M - a potion of flight
 Q - a potion of cancellation
 R - a potion of magic
 S - a potion of berserk rage
Miscellaneous
 O - a lightning rod (4/4)


   Skills:
 + Level 11.1 Fighting
 + Level 9.1 Short Blades
 + Level 9.1 Long Blades
 + Level 10.1 Axes
 + Level 9.1 Maces & Flails
 + Level 9.1 Polearms
 + Level 9.1 Staves
 + Level 9.1 Slings
 + Level 9.1 Bows
 + Level 9.1 Crossbows
 + Level 9.1 Throwing
 + Level 10.1 Armour
 + Level 9.5 Dodging
 + Level 9.1 Stealth
 + Level 9.1 Shields
 + Level 9.1 Unarmed Combat
 + Level 9.1 Spellcasting
 + Level 7.6 Conjurations
 + Level 7.6 Hexes
 + Level 7.6 Summonings
 + Level 7.6 Necromancy
 + Level 7.6 Translocations
 + Level 7.6 Transmutations
 + Level 7.6 Fire Magic
 + Level 7.6 Ice Magic
 + Level 7.6 Air Magic
 + Level 7.6 Earth Magic
 + Level 7.6 Poison Magic
 + Level 10.8 Invocations
 + Level 9.1 Evocations


You had 31 spell levels left.
You didn't know any spells.
Your spell library contained the following spells:

 Spells                   Type           Power        Failure   Level
 Animate Skeleton         Necr           #####.       1%          1
 Apportation              Tloc           #####.       1%          1
 Beastly Appendage        Tmut           #####.       1%          1
 Corona                   Hex            #####..      1%          1
 Pain                     Necr           ####         1%          1
 Sandblast                Erth           #####.       1%          1
 Summon Small Mammal      Summ           ####         1%          1
 Ensorcelled Hibernation  Hex/Ice        #####.       1%          2
 Passwall                 Tmut/Erth      #####...     1%          2
 Slow                     Hex            #####...     1%          2
 Swiftness                Air            #####...     1%          2
 Wereblood                Tmut           #####...     1%          2
 Confusing Touch          Hex            #####...     1%          3
 Dazzling Flash           Conj/Hex       #####.       1%          3
 Inner Flame              Hex/Fire       #####...     1%          3
 Lesser Beckoning         Tloc           #####.....   1%          3
 Portal Projectile        Hex/Tloc       #####.       1%          3
 Spider Form              Tmut/Pois      #####.....   1%          3
 Stone Arrow              Conj/Erth      #####.       1%          3
 Tukima's Dance           Hex            #####...     1%          3
 Vampiric Draining        Necr           #####.....   1%          3
 Animate Dead             Necr           #####.....   4%          4
 Cause Fear               Hex            #####.....   4%          4
 Ice Form                 Ice/Tmut       #####...     4%          4
 Leda's Liquefaction      Hex/Erth       #####.....   4%          4
 Passage of Golubria      Tloc           N/A          4%          4
 Petrify                  Tmut/Erth      #####...     4%          4
 Agony                    Necr           #####...     12%         5
 Alistair's Intoxication  Tmut/Pois      #####....    12%         5
 Blade Hands              Tmut           #####.....   12%         5
 Lee's Rapid Deconstruct  Erth           #####.....   12%         5
 Metabolic Englaciation   Hex/Ice        #####.....   12%         5
 Freezing Cloud           Conj/Ice/Air   #####.....   54%         6
 Invisibility             Hex            #####...     54%         6
 Ozocubu's Refrigeration  Ice            #####.....   54%         6
 Simulacrum               Ice/Necr       #####.....   54%         6


Dungeon Overview and Level Annotations

Branches:
Dungeon (12/15)            Temple (0/1) D:4            Lair (6/6) D:10
  Swamp (0/4) Lair:4       Spider (0/4) Lair:4        Slime (0/5) Lair:6
    Orc (0/2) D:9         Ossuary (visited)

Altars:
Ashenzari
Cheibriados
Dithmenos
Fedhas
Gozag
Hepliaklqana
Kikubaaqudgha
Makhleb
Nemelex Xobeh
Ru
Sif Muna
Vehumet
Wu Jian
Yredelemnul
The Shining One

Shops:
D:8 *   D:10 !}:

Portals:
Abyss: D:5
Ice
Cave: D:12

Annotations:
D:5 2 transporters, paps's ghost, novice OpFi
Abyss:1 Prince Ribbit


Innate Abilities, Weirdness & Mutations

Your experience applies equally to all skills.
You have very sharp teeth.
Your uncanny sense of smell can sniff out nearby items.
Your flesh is heat resistant. (rF+)
You have an increased reservoir of magic. (+10% MP)
You are covered in fur. (AC +1)


Message History

The ice devil hits you but does no damage.
You hit the ice devil.
The ice devil is moderately wounded.
The ice devil hits you! The ice devil freezes you!!
You hit the ice devil but do no damage.
The ice devil is moderately wounded.
The ice devil hits you. The ice devil freezes you!!
* * * LOW HITPOINT WARNING * * *
You closely miss the ice devil.
You bite the ice devil, but do no damage.
The ice devil is moderately wounded.
The ice devil closely misses you.
You barely miss the ice devil.
The ice devil is moderately wounded.
You puncture the ice devil! You bite the ice devil.
The ice devil is heavily wounded.
The ice devil hits you!
* * * LOW HITPOINT WARNING * * *
The ice devil freezes you!
You die...

...###.#####....######........#
...# #.....'....# #........# ...#
#######....# #........# ####
###'## ######'### # ### ##.# #
##### #..# # #.... #####
##.###### ##### #....##.+.#
#.......# .^..#
#∩...4@.#.#####.......#
....#######....##.'.##..........#
....'....##..$. ###.#..##.......#
....########### #.#.###........
....# #########.#.# #.......#
##### #.........'.# ######### #
#....<....### ## ##'######## .#
#...#


You could see an ice devil.

Vanquished Creatures
  A dire elephant (Lair:6)
  Snorg (Lair:5)
  3 hydras
  A two-headed ogre (D:8)
  3 death yaks (Lair:6)
  An unseen horror (D:7)
  A lindwurm (Lair:6)
  A salamander (Lair:5)
  An ugly thing (D:12)
  A cyclops (D:11)
  3 elephants
  A torpor snail (Lair:6)
  An orange demon (D:11)
  5 black mambas
  17 cane toads
  A kobold demonologist (D:11)
  7 komodo dragons
  2 rime drakes (Lair:6)
  An ice devil (D:12)
  A hornet (D:10)
  6 blink frogs
  A polar bear (Lair:5)
  2 slime creatures (Lair:6)
  A bog body (Lair:4)
  8 dream sheep
  8 hippogriffs
  2 redbacks (Lair:4)
  2 wyverns
  26 yaks
  5 basilisks
  Edmund (D:6)
  A soldier ant (D:10)
  31 water moccasins
  3 porcupines
  3 ice beasts
  3 orc warriors
  3 sky beasts
  3 black bears
  A phantom (D:5)
  44 wolves (Lair:5)
  8 ogres
  6 centaurs
  13 crocodiles
  11 bullfrogs
  4 big kobolds
  2 scorpions
  A wyvern skeleton (D:10)
  15 killer bees
  3 electric eels
  4 wights (D:9)
  2 howler monkeys
  A crimson imp (D:8)
  A bullfrog zombie (D:8)
  A centaur zombie (D:9)
  6 hounds
  7 iron imps (D:11)
  8 jellies
  3 orc priests
  8 orc wizards
  A centaur skeleton (D:9)
  A bullfrog skeleton (D:11)
  An iguana (D:11)
  7 worker ants
  7 big kobold zombies (Ossuary)
  A hound zombie (D:6)
  2 hound skeletons
  3 worker ant zombies
  A mummy (Ossuary)
  7 gnolls
  24 adders
  A white imp (D:5)
  An ooze (D:2)
  An ufetubus (D:7)
  An adder zombie (D:8)
  An adder skeleton (D:9)
  3 worms
  A dart slug (D:2)
  6 leopard geckos
  28 orcs
  A spectral bat (Ossuary)
  2 giant cockroaches
  5 gnoll zombies (Ossuary)
  4 hobgoblins
  4 jackals (D:3)
  15 kobolds
  8 quokkas
  2 bats (D:1)
  6 bat simulacra (Ossuary)
  2 frilled lizards (D:2)
  2 goblins
  2 goblin simulacra (Ossuary)
  3 goblin zombies (Ossuary)
  6 hobgoblin zombies (Ossuary)
  A jackal skeleton (D:5)
  3 kobold simulacra (Ossuary)
  5 kobold zombies (Ossuary)
  A leopard gecko skeleton (D:4)
  4 orc zombies (Ossuary)
  8 rats
  5 rat simulacra (Ossuary)
  2 spectral goblins (Ossuary)
  7 spectral kobolds (Ossuary)
  5 spectral rats (Ossuary)
512 creatures vanquished.

Vanquished Creatures (others)
  An orc wizard (D:9)
  26 fungi
  62 plants
89 creatures vanquished.

Grand Total: 601 creatures vanquished

Notes
Turn   | Place    | Note
-------+----------+-------------------------------------------
     0 | Abyss:1  | Gargoyl the Gnoll Abyssal Knight began the quest for the
                  | Orb.
     0 | Abyss:1  | Reached XP level 1. HP: 23/23 MP: 3/3
    40 | Abyss:2  | Noticed a spatial maelstrom
    41 | Abyss:2  | Identified a scroll of acquirement
    41 | Abyss:2  | Acquired a +1 broad axe of holy wrath
    41 | Abyss:2  | Noticed a spatial vortex
    41 | Abyss:2  | Noticed a spatial vortex
    42 | Abyss:2  | Noticed a spatial vortex
    43 | D:1      | Escaped the Abyss
   388 | D:1      | Reached XP level 2. HP: 24/29 MP: 5/5
  1167 | D:2      | You fall into a shaft and drop 1 floor!
  1180 | D:3      | Found a snail-covered altar of Cheibriados.
  1180 | D:3      | Found an ornate altar of the Wu Jian Council.
  1331 | D:2      | Reached XP level 3. HP: 29/35 MP: 6/6
  1334 | D:2      | Reached * piety under Lugonu
  1336 | D:2      | Reached skill level 1 in Short Blades
  1336 | D:2      | Reached skill level 1 in Long Blades
  1336 | D:2      | Reached skill level 1 in Maces & Flails
  1336 | D:2      | Reached skill level 1 in Polearms
  1336 | D:2      | Reached skill level 1 in Staves
  1336 | D:2      | Reached skill level 1 in Slings
  1336 | D:2      | Reached skill level 1 in Bows
  1336 | D:2      | Reached skill level 1 in Crossbows
  1336 | D:2      | Reached skill level 1 in Throwing
  1336 | D:2      | Reached skill level 1 in Stealth
  1336 | D:2      | Reached skill level 1 in Shields
  1336 | D:2      | Reached skill level 1 in Unarmed Combat
  1336 | D:2      | Reached skill level 1 in Spellcasting
  1336 | D:2      | Reached skill level 1 in Evocations
  1336 | D:2      | Reached XP level 4. HP: 32/41 MP: 7/7
  1557 | D:2      | Found a shadowy altar of Dithmenos.
  1906 | D:2      | Found an opulent altar of Gozag.
  2019 | D:3      | Found a blossoming altar of Fedhas.
  2190 | D:3      | Reached skill level 1 in Conjurations
  2190 | D:3      | Reached skill level 1 in Hexes
  2190 | D:3      | Reached skill level 1 in Summonings
  2190 | D:3      | Reached skill level 1 in Necromancy
  2190 | D:3      | Reached skill level 1 in Translocations
  2190 | D:3      | Reached skill level 1 in Transmutations
  2190 | D:3      | Reached skill level 1 in Fire Magic
  2190 | D:3      | Reached skill level 1 in Ice Magic
  2190 | D:3      | Reached skill level 1 in Air Magic
  2190 | D:3      | Reached skill level 1 in Earth Magic
  2190 | D:3      | Reached skill level 1 in Poison Magic
  2296 | D:3      | Found a shattered altar of Ashenzari.
  2373 | D:3      | Reached XP level 5. HP: 44/47 MP: 8/8
  2654 | D:4      | Found a staircase to the Ecumenical Temple.
  2668 | D:4      | Found a glowing golden altar of the Shining One.
  2670 | D:4      | Found a sparkling altar of Nemelex Xobeh.
  2670 | D:4      | Found a sacrificial altar of Ru.
  3066 | D:4      | Found a basalt altar of Yredelemnul.
  3080 | D:4      | Reached skill level 5 in Invocations
  3080 | D:4      | Reached XP level 6. HP: 53/53 MP: 9/9
  3101 | D:4      | Reached skill level 5 in Axes
  3101 | D:4      | Reached skill level 5 in Armour
  3308 | D:5      | Entered Level 5 of the Dungeon
  3311 | D:5      | Found a transporter.
  3312 | D:5      | Gained mutation: You are covered in fur. (AC +1) [potion of
                  | mutation]
  3312 | D:5      | Gained mutation: You have an increased reservoir of magic.
                  | (+10% MP) [potion of mutation]
  3312 | D:5      | Gained mutation: Your flesh is heat resistant. (rF+)
                  | [potion of mutation]
  3330 | D:5      | Identified the +7 rapier of the Final Chapter {distort, rF+
                  | rC+}
  3361 | D:5      | Found a transporter.
  3393 | D:5      | Found a sand-covered staircase.
  3399 | Ossuary  | Entered an ossuary
  3420 | Ossuary  | Reached ** piety under Lugonu
  3555 | Ossuary  | Reached *** piety under Lugonu
  3704 | Ossuary  | Reached XP level 7. HP: 59/59 MP: 12/12
  3742 | Ossuary  | Reached skill level 7 in Fighting
  4008 | D:5      | Reached XP level 8. HP: 60/67 MP: 13/13
  4117 | D:5      | Found a shattered altar of Ashenzari.
  4130 | D:5      | Found a shimmering blue altar of Sif Muna.
  4332 | D:5      | Noticed paps's ghost (novice OpFi)
  4334 | D:5      | Found a one-way gate to the infinite horrors of the Abyss.
  4556 | D:6      | Noticed Prince Ribbit
  4765 | D:6      | Noticed Edmund
  4791 | D:6      | Killed Edmund
  4815 | D:6      | Banished Prince Ribbit
  5521 | D:7      | Reached XP level 9. HP: 72/72 MP: 14/16
  5602 | D:7      | Reached **** piety under Lugonu
  5728 | D:7      | HP: 4/109 [something (5)]
  5730 | D:7      | Killed an unseen horror
  5730 | D:7      | Reached skill level 5 in Dodging
  5735 | D:7      | HP: 5/111 [big kobold/cursed -1 dagger (1)]
  5737 | D:7      | Reached skill level 8 in Fighting
  6395 | D:8      | Found Upinoyva's Assorted Antiques.
  6540 | D:8      | Bought a potion of heal wounds for 145 gold pieces
  6540 | D:8      | Bought a potion of heal wounds for 145 gold pieces
  6585 | D:8      | Reached XP level 10. HP: 56/80 MP: 18/18
  6882 | D:8      | Found a burning altar of Makhleb.
  6882 | D:8      | Found a radiant altar of Vehumet.
  6917 | D:8      | Noticed a two-headed ogre
  6933 | D:8      | Killed a two-headed ogre
  6933 | D:8      | Reached skill level 5 in Short Blades
  6933 | D:8      | Reached skill level 5 in Long Blades
  6933 | D:8      | Reached skill level 5 in Maces & Flails
  6933 | D:8      | Reached skill level 5 in Polearms
  6933 | D:8      | Reached skill level 5 in Staves
  6933 | D:8      | Reached skill level 5 in Slings
  6933 | D:8      | Reached skill level 5 in Bows
  6933 | D:8      | Reached skill level 5 in Crossbows
  6933 | D:8      | Reached skill level 5 in Throwing
  6933 | D:8      | Reached skill level 5 in Stealth
  6933 | D:8      | Reached skill level 5 in Shields
  6933 | D:8      | Reached skill level 5 in Unarmed Combat
  6933 | D:8      | Reached skill level 5 in Spellcasting
  6933 | D:8      | Reached skill level 5 in Evocations
  7719 | D:9      | Got a translucent leather armour
  7730 | D:9      | Identified the +2 leather armour of Good Intentions
                  | {Stlth+} (You found it on level 9 of the Dungeon)
  7789 | D:9      | Found a staircase to the Orcish Mines.
  8359 | D:10     | Entered Level 10 of the Dungeon
  8480 | D:10     | Found a hazy altar of Hepliaklqana.
  8491 | D:10     | Found Vojiuz's Distillery.
  8497 | D:10     | Bought a potion of heal wounds for 65 gold pieces
  8497 | D:10     | Bought a potion of heal wounds for 65 gold pieces
  8499 | D:10     | Found Jivoe's Gadget Shop.
  8530 | D:10     | Reached XP level 11. HP: 65/87 MP: 21/21
  8554 | D:10     | Reached ***** piety under Lugonu
  8573 | D:10     | Found Lahaz's Book Boutique.
  8658 | D:10     | Paralysed by a hornet for 2 turns
  8669 | D:10     | Reached skill level 9 in Fighting
  9057 | D:10     | Found a staircase to the Lair.
  9090 | D:10     | Reached skill level 5 in Conjurations
  9090 | D:10     | Reached skill level 5 in Hexes
  9090 | D:10     | Reached skill level 5 in Summonings
  9090 | D:10     | Reached skill level 5 in Necromancy
  9090 | D:10     | Reached skill level 5 in Translocations
  9090 | D:10     | Reached skill level 5 in Transmutations
  9090 | D:10     | Reached skill level 5 in Fire Magic
  9090 | D:10     | Reached skill level 5 in Ice Magic
  9090 | D:10     | Reached skill level 5 in Air Magic
  9090 | D:10     | Reached skill level 5 in Earth Magic
  9090 | D:10     | Reached skill level 5 in Poison Magic
  9453 | Lair:1   | Entered Level 1 of the Lair of Beasts
 10610 | Lair:2   | Got a steaming trident
 10611 | Lair:2   | Identified the +7 trident "Rodducze" {drain, Int+2 Dex+10}
                  | (You found it on level 2 of the Lair of Beasts)
 11537 | Lair:2   | Reached XP level 12. HP: 95/96 MP: 24/24
 12917 | Lair:4   | Found an ancient bone altar of Kikubaaqudgha.
 12993 | Lair:4   | Found a staircase to the Swamp.
 13273 | Lair:4   | Found a hole to the Spider Nest.
 14020 | Lair:5   | Reached skill level 10 in Fighting
 14242 | Lair:5   | Noticed Snorg
 14286 | Lair:5   | Killed Snorg
 14460 | Lair:5   | Reached ****** piety under Lugonu
 14597 | Lair:5   | Reached XP level 13. HP: 103/103 MP: 27/27
 15004 | Lair:5   | Reached skill level 10 in Invocations
 15270 | Lair:6   | Entered Level 6 of the Lair of Beasts
 15583 | Lair:6   | Found a staircase to the Slime Pits.
 15830 | Lair:6   | Noticed a dire elephant
 16144 | Lair:6   | Killed a dire elephant
 16834 | Lair:6   | Reached XP level 14. HP: 39/111 MP: 29/29
 17103 | Lair:6   | Reached skill level 10 in Axes
 17103 | Lair:6   | Reached skill level 10 in Armour
 17372 | Lair:6   | Reached skill level 11 in Fighting
 17832 | D:11     | Found a burning altar of Makhleb.
 18960 | D:12     | Found a frozen archway.
 18975 | D:12     | Slain by an ice devil

Illustrated notes

Levels and vault maps discovered:
D:1:      dpeg_arrival_brainrot, layout_basic, minmay_unequal
D:2:      layout_basic, marbit_many_paths, grunt_gozag_breadcrumbs
D:3:      layout_loops_cross, fedhas_altar_3,
          chequers_temple_overflow_statue_of_worship, lemuel_round_altar,
          dk_noncrumbling_4, st_stairs_12
D:4:      layout_loops_ring, old_standard_altar, grunt_temple_overflow_open,
          temple_pool_b, kennysheep_big_empty_room
D:5:      layout_cave_pools, nicolae_overflow_crystal_walls,
          gammafunk_ghost_abyssal_escape, nicolae_ossuary_entry_plus,
          nicolae_ashenzari_panopticon
D:6:      layout_loops_cross, lexackson_kobold_supper, uniq_edmund,
          uniq_prince_ribbit1
D:7:      layout_loops_ring, minmay_chambers_of_fives
D:8:      layout_loops_ring, grunt_temple_overflow_lords_of_destruction,
          serial_shops, nicolae_shop_overgrown_old_shop
D:9:      layout_rooms, orc_0_dummy, eino_tiny_chamber
D:10:     layout_long_grid, david_lair_shrubbed, basic_altar, serial_shops,
          nicolae_shop_stone, shop, shop
D:11:     layout_roguey, lemuel_hellish_altar
D:12:     layout_roguey, portal_ice_cave_demonic_guard
Lair:1:   layout_regular_city, guppyfry_lair_drakes, grunt_megastairs_5,
          infiniplex_staircase_pool
Lair:2:   lemuel_reptile_caves, layout_long_grid
Lair:3:   layout_regular_city
Lair:4:   layout_layer_cave, skrybe_swamp_entry_bodies, spider_nest_entry_a,
          basic_altar, minivault_24, chequers_serial_rivers_micro_d
Lair:5:   layout_gridlike, st_stairs_11, serial_bayou_pond_a,
          grunt_forest_large_clearings, uniq_snorg
Lair:6:   hangedman_lair_in_review, layout_loops_ring,
          minmay_slime_entry_pillars

Skill      XL: |  1  2  3  4  5  6  7  8  9 10 11 12 13 14 |
---------------+-------------------------------------------+-----
Short Blades   | 1 2 3 4 5 6 7 8 9 |  9.1
Long Blades    | 1 2 3 4 5 6 7 8 9 |  9.1
Maces & Flails | 1 2 3 4 5 6 7 8 9 |  9.1
Polearms       | 1 2 3 4 5 6 7 8 9 |  9.1
Staves         | 1 2 3 4 5 6 7 8 9 |  9.1
Slings         | 1 2 3 4 5 6 7 8 9 |  9.1
Bows           | 1 2 3 4 5 6 7 8 9 |  9.1
Crossbows      | 1 2 3 4 5 6 7 8 9 |  9.1
Throwing       | 1 2 3 4 5 6 7 8 9 |  9.1
Stealth        | 1 2 3 4 5 6 7 8 9 |  9.1
Shields        | 1 2 3 4 5 6 7 8 9 |  9.1
Unarmed Combat | 1 2 3 4 5 6 7 8 9 |  9.1
Spellcasting   | 1 2 3 4 5 6 7 8 9 |  9.1
Evocations     | 1 2 3 4 5 6 7 8 9 |  9.1
Conjurations   | 1 2 3 4 5 6 7 |  7.6
Hexes          | 1 2 3 4 5 6 7 |  7.6
Summonings     | 1 2 3 4 5 6 7 |  7.6
Necromancy     | 1 2 3 4 5 6 7 |  7.6
Translocations | 1 2 3 4 5 6 7 |  7.6
Transmutations | 1 2 3 4 5 6 7 |  7.6
Fire Magic     | 1 2 3 4 5 6 7 |  7.6
Ice Magic      | 1 2 3 4 5 6 7 |  7.6
Air Magic      | 1 2 3 4 5 6 7 |  7.6
Earth Magic    | 1 2 3 4 5 6 7 |  7.6
Poison Magic   | 1 2 3 4 5 6 7 |  7.6
Dodging        | 3 4 5 6 7 8 9 |  9.5
Invocations    | 5 6 7 8 9 10 | 10.8
Axes           | 5 6 7 8 9 10 | 10.1
Armour         | 5 6 7 8 9 10 | 10.1
Fighting       | 7 8 9 10 11 | 11.1

Action                   |  1- 3 |  4- 6 |  7- 9 | 10-12 | 13-15 || total
-------------------------+-------+-------+-------+-------+-------++-------
Melee: Broad axe         |    40 |   186 |   316 |   426 |       ||   968
       Bite              |     2 |    18 |    26 |   128 |   111 ||   285
       Punch             |       |     1 |     3 |    33 |    33 ||    70
       Trident           |       |       |       |   486 |   569 ||  1055
Throw: Boomerang         |       |       |     4 |     3 |     1 ||     8
Invok: Depart the Abyss  |     1 |       |       |       |       ||     1
       Banish            |       |       |     3 |     1 |     2 ||     6
       Bend Space        |       |       |       |     1 |     2 ||     3
Evoke: Wand              |       |       |       |     1 |     1 ||     2
  Use: Scroll            |     7 |     6 |    11 |    16 |     3 ||    43
       Potion            |       |     2 |     5 |     1 |     1 ||     9
 Stab: Sleeping          |     1 |     4 |     3 |    20 |    28 ||    56
       Distracted        |       |       |       |     2 |     2 ||     4
Armor: Leather armour    |    10 |    35 |       |   316 |   191 ||   552
       Ring mail         |       |    71 |   191 |    91 |       ||   353
Dodge: Dodged            |    41 |   156 |   314 |  1053 |   571 ||  2135

Table legend: (Time is in decaauts)
 A = Elapsed time spent in this place.
 B = Non-inter-level travel time spent in this place.
 C = Inter-level travel time spent in this place.
 D = Time resting spent in this place.
 E = Time spent auto-exploring this place.
 F = Levels seen in this place.
 G = Mean time per level.
                   A        B        C        D        E       F      G
               +--------+--------+--------+--------+--------+-----+--------+
         Total |  19186 |  18457 |    729 |   2615 |  10764 |  21 |  913.6 |
       Dungeon |  10536 |  10075 |    461 |   1171 |   6440 |  12 |  878.0 |
          Lair |   8197 |   7929 |    268 |   1442 |   4173 |   6 | 1366.2 |
         Abyss |     42 |     42 |      0 |      0 |     34 |   2 |   21.0 |
       Ossuary |    408 |    408 |      0 |      2 |    117 |   1 |  408.0 |
               +--------+--------+--------+--------+--------+-----+--------+

Top non-repeatable levels by time:
  Lair:6: 2320 daAuts
  Lair:2: 1525 daAuts
  Lair:5: 1305 daAuts
  Lair:4: 1296 daAuts
    D:10: 1197 daAuts
     D:1: 1120 daAuts
     D:8: 1083 daAuts
  Lair:1: 1065 daAuts
     D:7: 1039 daAuts
     D:9: 979 daAuts
     D:6: 938 daAuts
     D:2: 816 daAuts
     D:5: 782 daAuts
     D:3: 753 daAuts
  Lair:3: 685 daAuts
